 Dungeon Crawl Stone Soup version 0.19-a0-1899-g2d93087 (webtiles) character file.

5357 Amnesiac the Martial Artist (level 10, -6/49 HPs)
             Began as a Vine Stalker Monk on Oct 19, 2016.
             Was a High Priest of Dithmenos.
             Mangled by a vampire (11 damage)
             ... on level 10 of the Dungeon.
             The game lasted 00:09:07 (5652 turns).

Amnesiac the Martial Artist (Vine Stalker Monk)     Turns: 5652, Time: 00:09:08

Health: -6/49      AC:  4    Str: 17    XL:     10   Next: 65%
Magic:  0/24       EV: 16    Int: 10    God:    Dithmenos [*****.]
Gold:   314        SH:  0    Dex: 17    Spells: 0 memorised, 27 levels left

rFire  . . .     SeeInvis .       - Unarmed
rCold  . . .     Gourm    .     a - +0 robe
rNeg   + . .     Faith    .     (no shield)
rPois  +         Spirit   +     r - +0 helmet
rElec  .         Reflect  .     (no cloak)
rCorr  .         Harm     .     (no gloves)
MR     +....                    G - +0 pair of boots
Stlth  ++++......               (no amulet)
                                u - ring of positive energy
                                q - ring of poison resistance

@: wreathed by umbra
A: fangs 3, regeneration 1, magic shield, antimagic bite, no device heal 3, rot
immunity
a: Shadow Step, Shadow Form, Renounce Religion


You were on level 10 of the Dungeon.
You worshipped Dithmenos.
Dithmenos was extremely pleased with you.
You were not hungry.

You visited 1 branch of the dungeon, and saw 10 of its levels.

You collected 314 gold pieces.

Inventory:

Armour
 a - a +0 robe (worn)
 r - a +0 helmet (worn)
 v - a +0 buckler
 G - a +0 pair of boots (worn)
Jewellery
 q - a ring of poison resistance (left hand)
 u - a ring of positive energy (right hand)
 w - an uncursed ring of flight {unknown}
 x - an uncursed amulet of regeneration {unknown}
 C - an uncursed amulet of magic regeneration {unknown}
Wands
 s - a wand of confusion (35/48)
 A - a wand of flame (28/48)
 D - a wand of iceblast (5/15)
 E - a wand of teleportation (4/9)
 H - a wand of lightning (10/15)
Scrolls
 g - 11 scrolls of identify
 j - 2 scrolls of enchant armour {unknown}
 k - 4 scrolls of teleportation {unknown}
 n - a scroll of fear {unknown}
 p - 2 scrolls of remove curse
 y - a scroll of amnesia {unknown}
 L - a scroll of random uselessness {unknown}
 M - a scroll of torment {unknown}
Potions
 d - a potion of heal wounds {unknown}
 e - 3 potions of curing
 h - 3 potions of lignification {unknown}
 i - 2 potions of haste {unknown}
 l - a potion of flight {unknown}
 m - 2 potions of resistance {unknown}
 o - a potion of agility {unknown}
 t - a potion of might {unknown}
 z - a potion of beneficial mutation {unknown}
 F - a potion of berserk rage {unknown}
Books
 I - a book of Cantrips

   Spells                             Type                      Level
   a - Confusing Touch                Hexes                        1
   b - Animate Skeleton               Necromancy                   1
   c - Summon Small Mammal            Summoning                    1
   d - Apportation                    Translocation                1
 K - a book of Conjurations

   Spells                             Type                      Level
   a - Magic Dart                     Conjuration                  1
   b - Searing Ray                    Conjuration                  2
   c - Dazzling Spray                 Conjuration/Hexes            3
   d - Fulminant Prism                Conjuration/Hexes            4
   e - Iskenderun's Mystic Blast      Conjuration                  4
   f - Iskenderun's Battlesphere      Conjuration/Charms           5
Comestibles
 b - 5 bread rations
 c - 3 beef jerkies
 f - 3 meat rations
 B - 5 fruits
 J - 5 chunks of flesh


   Skills:
 - Level 3.2 Fighting
 + Level 5.9 Dodging
 - Level 2.4 Stealth
 - Level 11.0 Unarmed Combat
 - Level 9.0 Spellcasting


You had 27 spell levels left.
You didn't know any spells.

Dungeon Overview and Level Annotations

Branches:
Dungeon (10/15)            Temple (0/1) D:4             Orc (0/2) D:10
   Lair: D:8-11

Altars:
Dithmenos
Hepliaklqana
Zin
The Shining One


Innate Abilities, Weirdness & Mutations

You have razor-sharp teeth.
Your natural rate of healing is unusually fast.
When hurt, damage is shared between your health and your magic reserves.
Your bite disrupts and absorbs the magic of your enemies.
Potions and wands cannot restore your health.
You are immune to rotting.


Message History

Something tries to affect you, but you resist.
You bump into the stone wall.
Something hits you!
* * * LOW HITPOINT WARNING * * *
Something bites you.
* * * LOW HITPOINT WARNING * * *
Okay, then.
You feel less confused.
A vampire appears from thin air!
Reactivating autopickup.
Found 7 gold pieces.
The vampire gestures at you while chanting.
You are confused.
You bump into the stone wall.
It was a potion of curing.
Your system rejects the healing.
You feel better. The vampire misses you. x2
There is an open door here.
The vampire hits you!
* * * LOW HITPOINT WARNING * * *
The vampire bites you!
You die...

#### ##### #.....# ...# #...#
#.....# ...# #...# #.....# ...#
#...########.....# ...#
#................# ...#
#................####
...##########....................
..........>.[....................
.........#######@####........####
.........#......V...+........#
.........#..........#.######.#
.........#..........#)# #.#
##.......#..........#.# #.#
.######..#......†...#[# #.#
......#..#..........'.# #.#
......#..#..........#.# #.#
......#..#######+####.# #.#


You could see a vampire.

Vanquished Creatures
  A hill giant (D:10)
  A troll (D:10)
  2 hippogriffs
  A yak (D:9)
  A wyvern (D:10)
  2 hungry ghosts (D:9)
  The ghost of Raykoid666 the Charmwright, an amateur DsSk (D:3)
  A water moccasin (D:7)
  2 orc warriors
  2 ice beasts
  3 ogres
  2 necrophages
  2 centaurs
  A big kobold (D:8)
  4 bullfrogs
  3 killer bees (D:9)
  A water moccasin skeleton (D:4)
  2 howler monkeys (D:9)
  12 wights
  3 crimson imps
  A quasit (D:10)
  3 centaur skeletons
  2 hounds
  5 orc priests
  4 jellies
  4 orc wizards
  4 iguanas
  6 worker ants
  2 killer bee zombies
  A hound skeleton (D:8)
  4 adders
  3 gnolls (D:8)
  A shadow imp (D:8)
  An ooze (D:3)
  3 adder skeletons
  2 worms
  A dart slug (D:3)
  2 leopard geckos
  24 orcs
  3 ball pythons
  2 giant cockroaches
  3 goblins
  5 hobgoblins
  10 jackals
  3 quokkas
  A bat (D:2)
  2 frilled lizards
  7 kobolds
  A leopard gecko skeleton (D:5)
  A leopard gecko zombie (D:7)
  2 quokka skeletons
  A quokka zombie (D:5)
  3 rats (D:3)
164 creatures vanquished.

Notes
Turn   | Place    | Note
-------+----------+-------------------------------------------
     0 | D:1      | Amnesiac the Vine Stalker Monk began the quest for the Orb.
     0 | D:1      | Reached XP level 1. HP: 11/11 MP: 2/2
    77 | D:2      | Reached XP level 2. HP: 10/16 MP: 3/3
   592 | D:2      | Reached skill level 4 in Unarmed Combat
   619 | D:2      | Reached XP level 3. HP: 9/19 MP: 4/4
   670 | D:2      | Found a glowing golden altar of the Shining One.
   712 | D:2      | Found a faded altar of an unknown god.
   722 | D:2      | Became a worshipper of Dithmenos the Shadowed
   722 | D:2      | Reached * piety under Dithmenos
   722 | D:2      | Reached ** piety under Dithmenos
   871 | D:3      | Noticed Raykoid666's ghost (amateur DsSk)
  1138 | D:3      | Reached *** piety under Dithmenos
  1138 | D:3      | Gained mutation: Your natural rate of healing is unusually fast. [Vine Stalker growth]
  1138 | D:3      | Reached XP level 4. HP: 7/23 MP: 5/5
  1218 | D:3      | Reached skill level 5 in Unarmed Combat
  1228 | D:3      | Reached XP level 5. HP: 3/27 MP: 4/6
  1365 | D:3      | Killed Raykoid666's ghost
  1365 | D:3      | Reached skill level 6 in Unarmed Combat
  1365 | D:3      | Reached XP level 6. HP: 20/32 MP: 5/7
  1431 | D:3      | Noticed a necrophage
  1447 | D:3      | Killed a necrophage
  1447 | D:3      | Reached skill level 7 in Unarmed Combat
  1572 | D:3      | Found a hazy altar of Hepliaklqana.
  1578 | D:3      | Found a glowing silver altar of Zin.
  1581 | D:3      | Found a glowing golden altar of the Shining One.
  1657 | D:4      | Reached XP level 7. HP: 35/35 MP: 8/8
  1763 | D:4      | Reached skill level 8 in Unarmed Combat
  1833 | D:4      | Found a staircase to the Ecumenical Temple.
  2372 | D:5      | Entered Level 5 of the Dungeon
  2544 | D:5      | Noticed a hippogriff
  2554 | D:5      | Killed a hippogriff
  2597 | D:5      | Reached **** piety under Dithmenos
  2597 | D:5      | Reached skill level 9 in Unarmed Combat
  2737 | D:5      | Gained mutation: You have razor-sharp teeth. [Vine Stalker growth]
  2737 | D:5      | Reached XP level 8. HP: 23/39 MP: 6/9
  2933 | D:6      | Reached skill level 10 in Unarmed Combat
  3376 | D:7      | Noticed a hippogriff
  3389 | D:7      | Killed a hippogriff
  3424 | D:7      | Reached skill level 11 in Unarmed Combat
  3567 | D:8      | Reached XP level 9. HP: 15/44 MP: 5/10
  3667 | D:8      | Noticed a hill giant
  3668 | D:8      | Reached ***** piety under Dithmenos
  3838 | D:7      | Reached skill level 5 in Dodging
  4003 | D:8      | Reached skill level 1 in Spellcasting
  4492 | D:9      | Reached skill level 5 in Spellcasting
  4626 | D:9      | Reached XP level 10. HP: 46/49 MP: 17/19
  5182 | D:10     | Entered Level 10 of the Dungeon
  5380 | D:10     | Found a staircase to the Orcish Mines.
  5541 | D:10     | Noticed a hill giant
  5550 | D:10     | Killed a hill giant
  5627 | D:10     | HP: 1/49 [something (3)]
  5652 | D:10     | Mangled by a vampire

Vault maps used:
D:1:      matt_arrival_grand_opening, corexii_item_surrounded_by_moat
D:2:      ashenzari_altar_1, ecumenical_altar_2, tso_altar
D:3:      minmay_overflow_temple_star_quad
D:5:      first_bread, kennysheep_generic_room_12
D:7:      kennysheep_generic_room_3
D:8:      lemuel_coloured_pillars_altar, grunt_livestock
D:9:      kennysheep_dice
D:10:     orc_0_dummy

Skill      XL: |  1  2  3  4  5  6  7  8  9 10 |
---------------+-------------------------------+-----
Unarmed Combat | 4 5 6 7 9 11 | 11.0
Fighting       | 3 |  3.2
Dodging        | 3 5 |  5.9
Spellcasting   | 5 9 |  9.0
Stealth        | |  2.4

Action                   |  1- 3 |  4- 6 |  7- 9 | 10-12 || total
-------------------------+-------+-------+-------+-------++-------
Melee: Unarmed           |   112 |    89 |   317 |   155 ||   673
       Bite              |    28 |    33 |   113 |    58 ||   232
       Punch             |     3 |     4 |    11 |    10 ||    28
  Use: Scroll            |     3 |       |       |       ||     3
       Potion            |       |       |       |     1 ||     1
 Stab: Sleeping          |     6 |     3 |    15 |     3 ||    27
       Distracted        |       |       |     1 |       ||     1
  Eat: Chunk             |     1 |     2 |    11 |     4 ||    18
Armor: Robe              |    13 |     9 |    25 |    16 ||    63
Dodge: Dodged            |    80 |    49 |   191 |   153 ||   473
